Map: Golden Wall LE

Players

tucker

  • Race: Terran Terran
  • League: Master
  • Spawn Location: 7:00

A.I. 1 (Very Easy) - Winner!

  • Race: Zerg Zerg
  • Spawn Location: 5:00

VOD

Have the link to the VOD?

Description

Time

  • Played on: April 12, 2020, 2:21 p.m.
  • Length: 6:45
Show
View Real Time Build Order
Export as new Build Order

tucker Terran 

Build Orders:  

Get SALT Encoding   

  12  0:00  SCV  
  13  0:13  SCV  
  14  0:18  Supply Depot  
  14  0:25  SCV  
  15  0:28  Refinery  
  15  0:39  SCV  
  16  0:45  Barracks  
  16  0:51  SCV  
  16  0:57  Refinery  
  17  1:04  SCV  
  18  1:16  SCV  
  19  1:32  Orbital Command  
  19  1:33  Reaper  
  19  1:37  Factory  
  20  1:45  Supply Depot  
  20  1:58  SCV  
  21  2:08  Reaper  
  22  2:20  SCV  
  23  2:23  Hellion  
  25  2:34  Command Center  
  25  2:37  SCV  
  25  2:41  Barracks Reactor  
  26  2:46  Supply Depot  
  26  2:49  SCV  
  27  2:53  Factory Tech Lab  
  27  3:01  SCV  
  27  3:05  Starport  
  28  3:13  SCV  
  28  3:19  Cyclone  
  32  3:25  Marine x2  
  34  3:27  SCV  
  35  3:41  SCV  
  36  3:45  Refinery  
  36  3:46  Orbital Command  
  36  3:50  Marine x2  
  38  3:56  SCV  
  38  4:01  Factory Tech Lab  
  38  4:02  Raven  
  41  4:08  SCV  
  41  4:09  Marine x2  
  44  4:15  SCV  
  45  4:20  SCV  
  45  4:21  Supply Depot  
  45  4:22  Siege Tank  
  49  4:27  SCV, Supply Depot  
  50  4:32  SCV  
  50  4:33  Marine x2  
  53  4:40  SCV  
  53  4:44  SCV, Raven  
  57  4:49  Supply Depot  
  57  4:54  Siege Tank  
  57  4:58  Marine x2  
  62  5:00  SCV x2  
  62  5:03  Supply Depot  
  64  5:12  SCV x2  
  66  5:18  Supply Depot  
  68  5:26  Siege Tank  
  69  5:30  SCV  
  69  5:31  SCV  
  71  5:35  Viking x2  
  71  5:40  Supply Depot  
  75  5:45  SCV x2  
  75  5:49  Supply Depot  
  77  5:50  Marine  
  78  5:58  Siege Tank  
  78  6:03  Supply Depot  
  81  6:05  Viking x2  
  85  6:17  Marine  
  86  6:24  Supply Depot  
  86  6:31  Command Center  
Show
View Real Time Build Order
Export as new Build Order

A.I. 1 (Very Easy) Zerg - Winner!

Build Orders: Pool First 

Get SALT Encoding   

  12  0:00  Drone  
  13  0:12  Overlord  
  13  0:17  Drone  
  14  0:49  Overlord  
  14  0:52  Spawning Pool  
  14  0:53  Drone  
  14  0:54  Extractor  
  13  1:00  Drone  
  14  1:17  Hatchery  
  13  1:22  Drone  
  14  1:41  Queen  
  14  1:43  Zergling x2  
  17  1:48  Zergling x2  
  18  2:04  Roach Warren  
  18  2:05  Extractor  
  16  2:10  Drone  
  17  2:17  Drone  
  17  2:21  Zergling x2  
  19  2:27  Drone  
  20  2:34  Drone  
  21  2:41  Drone  
  22  2:48  Drone  
  23  3:01  Drone  
  24  3:07  Roach  
  24  3:08  Drone  
  27  3:15  Drone  
  28  3:23  Drone  
  29  3:30  Overlord  
  29  3:34  Drone  
  30  3:42  Drone  
  31  3:49  Drone  
  31  3:53  Roach  
  34  3:56  Drone  
  34  4:00  Overlord  
  35  4:04  Drone  
  36  4:10  Lair  
  36  4:11  Drone  
  37  4:21  Drone  
  38  4:28  Drone  
  39  4:35  Drone  
  40  4:39  Roach  
  40  4:42  Drone  
  40  4:43  Overlord  
  43  4:49  Drone  
  44  4:57  Drone  
  45  5:04  Drone  
  45  5:07  Overseer  
  46  5:08  Overseer  
  46  5:11  Drone  
  47  5:18  Drone  
  48  5:25  Roach, Drone  
  51  5:33  Drone  
  52  5:37  Extractor  
  52  5:40  Drone  
  52  5:41  Extractor  
  51  5:47  Drone  
  52  5:54  Drone  
Tags
 
League
Master
Matchup
TvZ
Opening
Pool First
Spawn Locations
Close Positions
Add a new tag
Caveats
  • Supply blocks, unpowered buildings, or Contaminate may cause inaccurate times.
  • Supply counts are checked every 10 seconds.